 Dungeon Crawl Stone Soup version 0.29.0-4-gdea44cf6ec (webtiles) character file.

Game seed: 13200908527568129253

42 qw the Chopper (level 3, -5/21 HPs)
             Began as a Tengu Warper on Aug 28, 2022.
             Slain by Sigmund
             ... wielding a +3 scythe
              (10 damage)
             ... on level 2 of the Dungeon.
             The game lasted 00:00:09 (1909 turns).

qw the Chopper (Tengu Warper)                       Turns: 1909, Time: 00:00:10

Health: -5/21      AC:  5    Str: 13    XL:     3   Next: 54%
Magic:  7/7        EV: 11    Int: 13    God:
Gold:   34         SH:  0    Dex: 13    Spells: 6/6 levels left

rFire   . . .      SeeInvis .   Y - +0 hand axe
rCold   . . .      Faith    .   (no shield)
rNeg    . . .      Spirit   .   h - +0 ring mail
rPois   .          Reflect  .   (helmet restricted)
rElec   .          Harm     .   (no cloak)
rCorr   +          Rampage  .   (no gloves)
Will    .....                   (boots unavailable)
Stlth   +.........              (no amulet)
HPRegen 0.07/turn               e - ring of resist corrosion
MPRegen 0.10/turn               (no ring)

@: no status effects
A: beak, talons 3
a: no special abilities


You were on level 2 of the Dungeon.
You visited 1 branch of the dungeon, and saw 2 of its levels.

You collected 34 gold pieces.


Innate Abilities, Weirdness & Mutations

You have a beak for a mouth.
You have claws for feet.


   Skills:
 - Level 2.0 Fighting
 + Level 4.2 Axes
 - Level 1.0 Throwing
 - Level 1.1 Armour
 - Level 2.1 Dodging
 - Level 2.0 Spellcasting
 - Level 2.4 Translocations


You had 6 spell levels left.
You didn't know any spells.
Your spell library contained the following spells:

 Spells                   Type           Power      Damage    Failure   Level
 Blink                    Tloc           14%        N/A       30%         2
 Gell's Gravitas          Tloc           7%         N/A       52%         3
 Lesser Beckoning         Tloc           7%         N/A       52%         3
 Teleport Other           Tloc           7%         N/A       52%         3
 Manifold Assault         Tloc           7%         N/A       99%         5

Inventory:

Hand Weapons
 o - a +0 whip
 Y - a +0 hand axe (weapon)
Armour
 a - a +0 pair of gloves
 h - a +0 ring mail (worn)
Jewellery
 e - a ring of resist corrosion (left hand)
 m - a ring of ice
Scrolls
 b - a scroll of teleportation {unknown}
Potions
 c - a potion of curing {unknown}
 d - a potion of mutation {unknown}
 j - a potion of lignification {unknown}
 k - a potion of cancellation
 l - a potion of brilliance {unknown}

Dungeon Overview and Level Annotations

Branches:
Dungeon (2/15)

Altars:

Annotations:
D:2 Sigmund


Message History

Sigmund asks, "Do you like me?" Sigmund closely misses you.
You closely miss the rat. Your kick misses the rat.
You feel less confused.
Sigmund hits you from afar with a +3 scythe!
The rat closely misses you.
You hit the rat but do no damage. You barely miss the kobold.
The rat bites you.
The kobold hits you with a +0 short sword.
Sigmund casts a spell.
Sigmund flickers and vanishes!
Deactivating autopickup; reactivate with Ctrl-A.
You hit the rat.
You kill the rat!
You closely miss the kobold. The kobold hits you but does no damage.
Something hits you.
You hit the rat.
You kill the rat!
You barely miss the kobold. The kobold hits you but does no damage.
You closely miss the kobold. You claw the kobold.
You kill the kobold!
You hear some strange, mumbled words.
You are confused.
Something hits you but does no damage.
You're too confused to attack without stumbling around!
There is a strange disturbance nearby!
You're too confused to attack without stumbling around!
There is a strange disturbance nearby!
Something hits you.
You're too confused to attack without stumbling around!
There is a strange disturbance nearby!
Something hits you.
You're too confused to attack without stumbling around!
There is a strange disturbance nearby!
You're too confused to attack without stumbling around!
There is a strange disturbance nearby!
You feel less confused. Something hits you!
You die...

#####...#####...# #.###
#...# #.# #...#
####.#######...####
#..........#......
#..#######.#.<..# #..#
#.#....# # #..#
#......####.## #..#
#..%..@%.....##
#..#######.##...)......#
#..#.......##.#.#{......
#..#.###...##.#.........
#.............###.......
#.##.###...#### #.....#
#. #.# ##...... ....##
#. #.# #..#### #..## #.
... ...# .##


There were no monsters in sight!

Vanquished Creatures
  An adder (D:2)
  6 bats
  3 endoplasms (D:1)
  6 goblins
  A hobgoblin (D:1)
  A quokka (D:1)
  2 ball pythons (D:1)
  A frilled lizard (D:1)
  6 kobolds
  3 rats (D:2)
30 creatures vanquished.

Notes
Turn   | Place    | Note
-------+----------+-------------------------------------------
     0 | D:1      | qw the Tengu Warper began the quest for the Orb.
     0 | D:1      | Reached XP level 1. HP: 12/12 MP: 4/4
     0 | D:1      | 0 ||| qw: Version: 0.1-a-89-g26bdef1
     0 | D:1      | 0 ||| qw: Game counter: 2522
     0 | D:1      | 0 ||| qw: Always use a shield: true
     0 | D:1      | 0 ||| qw: God list: Okawaru
     0 | D:1      | 0 ||| qw: Allow faded altars: false
     0 | D:1      | 0 ||| qw: Do Orc after D:15 true
     0 | D:1      | 0 ||| qw: Do second Lair branch before Depths: true
     0 | D:1      | 0 ||| qw: Lair rune preference: random
     0 | D:1      | 0 ||| qw: Plans: Normal
     0 | D:1      | 0 ||| PLANNING D:1-11
    39 | D:1      | Found a faded altar of an unknown god.
   394 | D:1      | Reached XP level 2. HP: 17/17 MP: 6/6
   451 | D:1      | Reached skill level 3 in Axes
   906 | D:1      | 906 ||| DROPPING +0 club.
  1217 | D:1      | Reached XP level 3. HP: 21/21 MP: 7/7
  1326 | D:1      | 1326 ||| UPGRADING to +0 ring mail.
  1336 | D:1      | 1336 ||| DROPPING +0 leather armour.
  1337 | D:1      | 1337 ||| DROPPING amulet of magic regeneration.
  1338 | D:1      | 1338 ||| UPGRADING to ring of resist corrosion.
  1339 | D:1      | 1339 ||| DROPPING ring of wizardry.
  1340 | D:1      | 1340 ||| READING scroll labelled JADDAPL DUIKO.
  1341 | D:1      | 1341 ||| READING scroll labelled MOTAYC RYFUQE.
  1342 | D:1      | 1342 ||| READING scroll labelled KOACSY SAHUS.
  1343 | D:1      | 1343 ||| READING 3 scrolls labelled REPRIO PUSTANU.
  1462 | D:1      | 1462 ||| DRINKING 2 lumpy emerald potions.
  1463 | D:1      | 1463 ||| DROPPING scroll of blinking.
  1464 | D:1      | 1464 ||| DROPPING 2 scrolls of torment.
  1525 | D:2      | 1525 ||| STAIRDANCE
  1704 | D:2      | Reached skill level 4 in Axes
  1893 | D:2      | Noticed Sigmund
  1907 | D:2      | HP: 5/21 [something (3)]
  1909 | D:2      | Slain by Sigmund

Levels and vault maps discovered:
D:1:      minmay_arrival_jagged, layout_basic, basic_ecumenical_altar
D:2:      layout_loops_ring, uniq_robin, uniq_sigmund

Skill      XL: |  1  2  3 |
---------------+----------+-----
Axes           | 3 4 |  4.2
Fighting       | |  2.0
Throwing       | |  1.0
Armour         | |  1.1
Dodging        | |  2.1
Spellcasting   | |  2.0
Translocations | |  2.4

Action                   || total
-------------------------++-------
Melee: Hand axe          ||    85
       Peck              ||    12
       Kick              ||    13
Throw: Boomerang         ||     7
  Use: Scroll            ||     4
       Potion            ||     1
Armor: Leather armour    ||    17
       Ring mail         ||    15
Dodge: Dodged            ||    52

Table legend:
 A = Non-vault XP
 B = Vault XP
 C = Vault XP percentage of total XP
 D = Non-vault monster count
 E = Vault monster count
 F = Vault count percentage of total count
                 A         B        C        D         E       F
            +---------+---------+-------+---------+---------+-------
      Total |      60 |       0 |   0.0 |      30 |       0 |   0.0
            +---------+---------+-------+---------+---------+-------
        D:1 |      36 |       0 |   0.0 |      21 |       0 |   0.0
        D:2 |      24 |       0 |   0.0 |       9 |       0 |   0.0
            +---------+---------+-------+---------+---------+-------
